 Dungeon Crawl Stone Soup version 0.24.0-41-g2ae2f7f1be (webtiles) character file.

Game seed: 8600473096968114959, levelgen mode: deterministic

2577 Devinter the Cutter (level 9, -9/61 HPs)
             Began as a Halfling Fighter on Dec 9, 2019.
             Was a Believer of Uskayaw.
             Mangled by a troll (18 damage)
             ... on level 9 of the Dungeon on Dec 10, 2019.
             The game lasted 00:49:41 (7325 turns).

Devinter the Cutter (Halfling Fighter)              Turns: 7325, Time: 00:49:41

Health: -9/61      AC:  8    Str: 17    XL:     9   Next: 88%
Magic:  8/12       EV: 14    Int:  6    God:    Uskayaw [**....]
Gold:   422        SH: 11    Dex: 17    Spells: 6/8 levels left

rFire    . . .     SeeInvis .   a - +0 rapier
rCold    . . .     Gourm    .   h - +0 shield
rNeg     + . .     Faith    .   G - +2 leather armour {MR+}
rPois    .         Spirit   .   (no helmet)
rElec    .         Reflect  .   I - +0 cloak {+Inv}
rCorr    +         Harm     .   (no gloves)
MR       +....                  q - +0 pair of boots
Stlth    +++.......             (no amulet)
HPRegen  0.20/turn              l - ring of positive energy
MPRegen  0.13/turn              w - ring of resist corrosion

@: no status effects
A: small, mutation resistance 1
a: Stomp, Line Pass, Renounce Religion, Evoke Invisibility


You were on level 9 of the Dungeon.
You worshipped Uskayaw.
Uskayaw was noncommittal.
You were not hungry.

You visited 1 branch of the dungeon, and saw 8 of its levels.

You collected 422 gold pieces.

Inventory:

Hand Weapons
 a - a +0 rapier (weapon)
 c - the +0 fustibalus of Earthquakes {speed, rElec rC+ Stlth+}
   (You found it on level 6 of the Dungeon)

   Attacks with this weapon are significantly faster.
   It protects you from cold.
   It insulates you from electricity.
   It makes you more stealthy.
 D - the +7 hunting sling "Ecvoep" {freeze, rElec rF+ Dex+3}
   (You found it on level 4 of the Dungeon)

   It causes projectiles fired from it to freeze those they strike, causing
   extra injury to most foes and up to half again as much damage against
   particularly susceptible opponents.
   They can also slow down cold-blooded creatures.
   It affects your dexterity (+3).
   It protects you from fire.
   It insulates you from electricity.
 F - a +0 falchion of venom
Missiles
 g - 161 stones (quivered)
 j - 121 arrows
 s - 44 bolts
 C - 4 boomerangs
 K - 28 poisoned darts
 L - 45 sling bullets
Armour
 h - a +0 shield (worn)
 q - a +0 pair of boots (worn)
 t - a +2 robe of cold resistance
 G - a +2 leather armour of magic resistance (worn)
 I - a +0 cloak of invisibility (worn)
 O - a +0 troll leather armour
Magical Staves
 b - an uncursed staff of poison {unknown}
Jewellery
 l - a ring of positive energy (left hand)
 o - an uncursed amulet of harm
 w - a ring of resist corrosion (right hand)
Scrolls
 e - 3 scrolls of amnesia {unknown}
 i - 3 scrolls of noise {unknown}
 k - 3 scrolls of identify
 r - 3 scrolls of magic mapping {unknown}
 u - a scroll of immolation {unknown}
 v - 3 scrolls of remove curse {unknown}
 x - a scroll of random uselessness {unknown}
 y - 2 scrolls of blinking {unknown}
 A - a scroll of fog {unknown}
 J - 2 scrolls of teleportation {unknown}
 N - a scroll of silence {unknown}
Potions
 d - 4 potions of might
 m - a potion of brilliance {unknown}
 n - a potion of mutation {unknown}
 p - a potion of agility {unknown}
 z - 2 potions of lignification
 B - a potion of resistance
 E - a potion of flight {unknown}
 H - a potion of curing
Comestibles
 f - 12 rations
 M - 2 chunks of flesh


   Skills:
 - Level 5.0 Fighting
 + Level 6.9 Short Blades
 + Level 6.0 Slings
 - Level 5.0 Armour
 + Level 3.6 Dodging
 + Level 4.9 Stealth
 + Level 6.7 Shields
 + Level 4.4 Invocations


You had 6 spell levels left.
You knew the following spells:

 Your Spells              Type           Power        Failure   Level  Hunger
a - Blink                 Tloc           N/A          97%         2    ###....

Your spell library contained the following spells:

 Spells                   Type           Power        Failure   Level  Hunger
 Magic Dart               Conj           #...         91%         1    ##.....
 Call Imp                 Summ           #.......     97%         2    ###....
 Slow                     Hex            #.......     97%         2    ###....
 Conjure Flame            Conj/Fire      #.......     100%        3    ####...
 Mephitic Cloud           Conj/Pois/Air  #.......     100%        3    ####...


Dungeon Overview and Level Annotations

Branches:
Dungeon (7/15)             Temple (0/1) D:5

Altars:
Ashenzari
Cheibriados
Fedhas
Gozag
Trog
Uskayaw
Yredelemnul
The Shining One

Shops:
D:9 ((:

Annotations:
D:3 2 transporters, happy's ghost, amateur VSAs
D:4 2 transporters, lis82's ghost, amateur DgSk


Innate Abilities, Weirdness & Mutations

You are small and have problems with some larger weapons.
You are somewhat resistant to further mutation.


Message History

You can now pass through a line of other dancers.
You puncture the troll!
The troll is heavily wounded.
The troll barely misses you. x2; The troll claws you!
* * * LOW HITPOINT WARNING * * *
Aiming: Line Pass
Press: ? - help, Dir - move target cursor The troll appears confused.
You feel somewhat more hungry.
You can no longer pass through a line of other dancers.
The troll closely misses you. The troll misses you.
The troll closely misses you.
You hit the troll.
The troll is severely wounded.
The troll closely misses you. The troll misses you.
The troll closely misses you.
You can now pass through a line of other dancers.
You barely miss the troll.
The troll is heavily wounded.
The troll seems less confused.
The troll bites you!!
You die...

##.## #.≈≈.#..#
##.# #.≈≈.##.#
#.# #.≈≈.##.#
#.###.≈≈.##.#
#.#.##.≈≈.#8.#
#.###.#.≈≈.#..#
..# ##.#.≈≈.##'#
.#####.##.≈≈.'..#
..
#@#.###.≈≈.#..# .
#T#.# #.≈≈.#..#
##.## #.≈≈.#..#
#.## #.≈≈.#..# #.
#.≈≈.#..# ##
#.≈≈.#..#
##≈≈##..#
########


You could see a troll.

Vanquished Creatures
  A troll (D:9)
  Sigmund (D:6)
  Eustachio (D:5)
  Menkaure (D:5)
  An orc warrior (D:6)
  An ice beast (D:4)
  2 ogres
  A centaur (D:5)
  A gnoll sergeant (D:7)
  4 bullfrogs
  A scorpion (D:5)
  2 howler monkeys
  An electric eel (D:9)
  A crimson imp (D:9)
  2 bullfrog zombies
  5 hounds
  An orc priest (D:3)
  4 iguanas
  2 orc wizards
  A centaur skeleton (D:9)
  Crazy Yiuf (D:5)
  Jessica (D:2)
  Natasha (thrice) (D:2)
  6 worker ants
  2 hound zombies (D:7)
  A howler monkey zombie (D:5)
  3 gnolls (D:7)
  7 adders
  An ooze (D:2)
  2 adder skeletons (D:5)
  4 worms
  A dart slug (D:1)
  5 leopard geckos
  23 orcs
  5 giant cockroaches
  2 gnoll zombies (D:2)
  11 goblins
  4 hobgoblins
  11 jackals
  9 kobolds
  2 quokkas
  10 bats
  4 frilled lizards
  2 leopard gecko skeletons
  A quokka skeleton (D:5)
  12 rats
167 creatures vanquished.

Notes
Turn   | Place    | Note
-------+----------+-------------------------------------------
     0 | D:1      | Devinter the Halfling Fighter began the quest for the Orb.
     0 | D:1      | Reached XP level 1. HP: 15/15 MP: 1/1
   106 | D:1      | Reached XP level 2. HP: 20/20 MP: 2/2
   301 | D:1      | Reached XP level 3. HP: 23/25 MP: 3/3
   302 | D:1      | Reached skill level 3 in Fighting
   355 | D:1      | Reached skill level 3 in Short Blades
  1273 | D:2      | Reached XP level 4. HP: 14/31 MP: 4/4
  1717 | D:2      | Noticed Natasha
  1729 | D:2      | Killed Natasha
  1729 | D:2      | Reached skill level 4 in Shields
  1757 | D:2      | Reached skill level 4 in Armour
  1773 | D:2      | Reached XP level 5. HP: 33/36 MP: 5/5
  1813 | D:2      | Noticed Natasha
  1833 | D:2      | Killed Natasha
  2165 | D:2      | Noticed Jessica
  2188 | D:2      | Killed Jessica
  2188 | D:2      | Reached skill level 4 in Short Blades
  2188 | D:2      | Reached XP level 6. HP: 32/43 MP: 6/6
  2373 | D:2      | Found a basalt altar of Yredelemnul.
  2382 | D:2      | Learned a level 2 spell: Blink
  2605 | D:2      | Noticed Natasha
  2613 | D:2      | Killed Natasha
  3220 | D:3      | Reached skill level 4 in Fighting
  3304 | D:3      | Found a transporter.
  3336 | D:3      | Found a transporter.
  3337 | D:3      | Noticed happy's ghost (amateur VSAs)
  3412 | D:3      | Found a hide-covered altar of Uskayaw.
  3412 | D:3      | Found a bloodstained altar of Trog.
  3413 | D:3      | Found a snail-covered altar of Cheibriados.
  3421 | D:3      | Became a worshipper of Uskayaw the Reveler
  3593 | D:4      | Found a transporter.
  3715 | D:4      | Noticed lis82's ghost (amateur DgSk)
  3715 | D:4      | Identified the +8 dire flail "Hydrabane" {crush, rPois rN+
                  | Str+4 Int+2}
  3715 | D:4      | Noticed an ogre
  3716 | D:4      | Noticed an ogre
  3719 | D:4      | Found a transporter.
  3724 | D:4      | Reached * piety under Uskayaw
  3730 | D:4      | Reached ** piety under Uskayaw
  3731 | D:4      | Reached XP level 7. HP: 48/48 MP: 7/7
  3761 | D:4      | Got a jewelled hunting sling
  3762 | D:4      | Identified the +7 hunting sling "Ecvoep" {freeze, rElec rF+
                  | Dex+3} (You found it on level 4 of the Dungeon)
  3876 | D:4      | Reached skill level 1 in Slings
  3876 | D:4      | Reached skill level 1 in Stealth
  3876 | D:4      | Reached skill level 5 in Shields
  4217 | D:5      | Entered Level 5 of the Dungeon
  4223 | D:5      | Found a staircase to the Ecumenical Temple.
  4228 | D:5      | Noticed Eustachio
  4251 | D:4      | Reached skill level 5 in Armour
  4251 | D:4      | Reached skill level 1 in Invocations
  4338 | D:5      | Noticed Menkaure
  4597 | D:5      | Found a blossoming altar of Fedhas.
  4666 | D:5      | Reached skill level 2 in Slings
  4672 | D:5      | Reached *** piety under Uskayaw
  4679 | D:5      | Reached **** piety under Uskayaw
  4683 | D:5      | Killed Eustachio
  4683 | D:5      | Reached skill level 5 in Short Blades
  4683 | D:5      | Reached skill level 2 in Stealth
  4683 | D:5      | Reached XP level 8. HP: 53/54 MP: 7/9
  4780 | D:5      | Found a runed translucent door.
  4781 | D:5      | Noticed Crazy Yiuf
  4787 | D:5      | Killed Crazy Yiuf
  4920 | D:5      | Reached skill level 2 in Invocations
  4923 | D:5      | Reached skill level 3 in Slings
  4965 | D:5      | Reached skill level 1 in Dodging
  5372 | D:5      | Killed Menkaure
  5372 | D:5      | Reached skill level 3 in Stealth
  5619 | D:6      | Reached skill level 4 in Slings
  5619 | D:6      | Reached skill level 3 in Invocations
  5624 | D:6      | Reached skill level 2 in Dodging
  5687 | D:6      | Reached XP level 9. HP: 60/60 MP: 11/11
  5697 | D:6      | Reached skill level 6 in Shields
  5717 | D:6      | Found a shattered altar of Ashenzari.
  5773 | D:6      | Reached skill level 5 in Fighting
  5779 | D:6      | Got a translucent fustibalus
  5783 | D:6      | Identified the +0 fustibalus of Earthquakes {speed, rElec
                  | rC+ Stlth+} (You found it on level 6 of the Dungeon)
  5833 | D:6      | Found a glowing golden altar of the Shining One.
  5936 | D:6      | Noticed Sigmund
  5947 | D:6      | Killed Sigmund
  5947 | D:6      | Reached skill level 6 in Short Blades
  5970 | D:6      | Reached skill level 4 in Stealth
  6077 | D:6      | Found an opulent altar of Gozag.
  6330 | D:6      | Reached skill level 5 in Slings
  6712 | D:7      | Found a basalt altar of Yredelemnul.
  6736 | D:7      | HP: 2/61 [gnoll sergeant/+3 trident of venom (5)]
  6739 | D:7      | Reached ***** piety under Uskayaw
  6743 | D:7      | HP: 9/91 [poisoned by a gnoll sergeant]
  6746 | D:7      | Reached skill level 3 in Dodging
  7034 | D:7      | You fall into a shaft and drop 2 floors!
  7034 | D:9      | Found Fererphel's Book Emporium.
  7050 | D:9      | Reached skill level 4 in Invocations
  7098 | D:9      | Found Funaxuike's Weapon Emporium.
  7109 | D:9      | Found Gemeball's Weapon Shoppe.
  7281 | D:9      | Noticed a troll
  7295 | D:9      | Killed a troll
  7295 | D:9      | Reached skill level 6 in Slings
  7319 | D:9      | Noticed a troll
  7325 | D:9      | Mangled by a troll

Levels and vault maps discovered:
D:1:      saegor_arrival_simple_c, layout_basic, minmay_quantized
D:2:      layout_basic, lemuel_zombie_altar_yredelemnul, uniq_natasha,
          uniq_jessica
D:3:      layout_basic, gammafunk_temple_overflow_claw,
          gammafunk_ghost_mausoleum, chequers_garden
D:4:      layout_basic, first_ration, gammafunk_ghost_smash,
          chequers_serial_rivers_micro_b, minmay_misc_feat_cross
D:5:      layout_rooms, fedhas_altar_4, minmay_temple_entry_tees,
          grunt_decor_arrowhead, chequers_hall_statues_wall_a,
          uniq_crazy_yiuf_cottage, uniq_menkaure, uniq_eustachio
D:6:      layout_loops_cross, nicolae_gozag_cash_rules_everything_around_me,
          serial_co_window_serial, co_window_cross_1, co_window_corner_a,
          co_window_corner_a, co_window_corner_a, co_window_paths_a,
          co_window_of_opportunity_b, co_window_of_opportunity_b,
          co_window_2corner, co_window_sun, co_window_4corner_b, basic_altar,
          corexii_leaking_fountain, tso_altar, uniq_sigmund
D:7:      layout_cave_pools, lemuel_coloured_pillars_altar, basic_altar,
          uniq_joseph
D:9:      wad_river_or_something, layout_cave_pods, serial_shops,
          shop_fountains, shop, shop_fountains, shop

Skill      XL: |  1  2  3  4  5  6  7  8  9 |
---------------+----------------------------+-----
Fighting       | 3 4 5 |  5.0
Short Blades   | 3 4 5 6 |  6.9
Shields        | 4 5 6 |  6.7
Armour         | 4 5 |  5.0
Slings         | 2 4 6 |  6.0
Stealth        | 2 3 4 |  4.9
Invocations    | 1 3 4 |  4.4
Dodging        | 2 3 |  3.6

Action                   |  1- 3 |  4- 6 |  7- 9 || total
-------------------------+-------+-------+-------++-------
Melee: Rapier            |   145 |   269 |    84 ||   498
 Fire: Hunting sling     |       |       |   209 ||   209
Invok: Line Pass         |       |       |     1 ||     1
  Use: Scroll            |     1 |       |     2 ||     3
       Potion            |       |       |     4 ||     4
 Stab: Paralysed         |       |       |     6 ||     6
  Eat: Chunk             |     1 |     7 |    13 ||    21
Armor: Scale mail        |    37 |       |       ||    37
       Chain mail        |    12 |   122 |    12 ||   146
       Leather armour    |       |       |    23 ||    23
       Skin              |       |       |     7 ||     7
Dodge: Dodged            |    35 |    50 |    54 ||   139
Block: Shield            |    79 |   122 |    90 ||   291
